 Dungeon Crawl Stone Soup version 0.30-a0-219-gf2db51d15e (webtiles) character file.

Game seed: 13574450601975560301

6220 sleeves the Basher (level 10, -10/49 HPs)
             Began as a Vine Stalker Fighter on Oct 7, 2022.
             Was a Follower of Kikubaaqudgha.
             Killed from afar by an acid dragon (15 damage)
             ... with a splash of acid
             ... on level 9 of the Dungeon.
             The game lasted 00:10:04 (6689 turns).

sleeves the Basher (Vine Stalker Fighter)           Turns: 6689, Time: 00:10:04

Health: -10/49     AC:  4    Str: 19    XL:     10   Next: 92%
Magic:  0/11       EV: 10    Int: 12    God:    Kikubaaqudgha [*.....]
Gold:   471        SH:  5    Dex: 14    Spells: 9/9 levels left

rFire   . . .      SeeInvis .    L - +1 whip (elec)
rCold   . . .      Faith    .    c - +0 buckler
rNeg    + . .      Spirit   +    H - +0 steam dragon scales
rPois   +          Reflect  .    (no helmet)
rElec   .          Harm     .    P - +1 cloak {rPois}
rCorr   .          Rampage  .    p - +0 pair of gloves
Will    ++...                    (no boots)
Stlth   +.........               r - amulet of magic regeneration
HPRegen 1.08/turn                m - ring of positive energy
MPRegen 0.52/turn                w - ring of willpower

@: corroded
A: fangs 3, regeneration 1, magic shield, antimagic bite, no potion heal 2
a: Renounce Religion, Unearth Wretches


You were on level 9 of the Dungeon.
You worshipped Kikubaaqudgha.
Kikubaaqudgha was aware of your devotion.
You visited 1 branch of the dungeon, and saw 9 of its levels.

You collected 471 gold pieces.

Inventory:

Hand Weapons
 a - a +2 mace of protection
   (You found it on level 2 of the Dungeon)
 t - a +0 flail of protection
   (You took it off an orc on level 3 of the Dungeon)
 E - a +2 dire flail of holy wrath
   (You took it off Edmund on level 6 of the Dungeon)
 G - a +1 whip of freezing
   (You took it off Pikel on level 6 of the Dungeon)
 L - a +1 whip of electrocution (weapon)
   (You took it off an orc priest on level 7 of the Dungeon)
Missiles
 M - a throwing net (quivered)
Armour
 c - a +0 buckler (worn)
 p - a +0 pair of gloves (worn)
   (You found it on level 3 of the Dungeon)
 B - a +1 leather armour of cold resistance
   (You took it off Duvessa on level 5 of the Dungeon)
 H - +0 steam dragon scales (worn)
   (You found it on level 6 of the Dungeon)
 I - a scarf of resistance
   (You found it on level 7 of the Dungeon)
 P - a +1 cloak of poison resistance (worn)
   (You found it on level 9 of the Dungeon)
Jewellery
 m - a ring of positive energy (left hand)
   (You found it on level 2 of the Dungeon)
 r - an amulet of magic regeneration (around neck)
   (You found it on level 3 of the Dungeon)
 w - a ring of willpower (right hand)
   (You found it on level 4 of the Dungeon)
 K - an amulet of regeneration
   (You found it on level 7 of the Dungeon)
Wands
 F - a wand of charming (7)
   (You took it off Pikel on level 6 of the Dungeon)
Scrolls
 e - 11 scrolls of identify {unknown}
 f - 6 scrolls of teleportation {unknown}
 i - a scroll of torment {unknown}
 j - 4 scrolls of silence {unknown}
 n - 2 scrolls of blinking {unknown}
 o - a scroll of vulnerability {unknown}
 s - a scroll of enchant armour {unknown}
 v - a scroll of acquirement {unknown}
 x - a scroll of amnesia {unknown}
 y - 3 scrolls of enchant weapon {unknown}
 A - a scroll of magic mapping {unknown}
 C - 2 scrolls of fear {unknown}
 J - a scroll of summoning {unknown}
 N - a scroll of noise {unknown}
Potions
 b - 2 potions of heal wounds {unknown}
 d - 3 potions of might
 g - 4 potions of degeneration {unknown}
 h - 3 potions of resistance {unknown}
 k - 3 potions of magic {unknown}
 l - 3 potions of brilliance {unknown}
 q - 3 potions of curing {unknown}
 u - a potion of attraction {unknown}
 z - a potion of haste {unknown}
 D - a potion of flight {unknown}
 O - a potion of cancellation {unknown}


   Skills:
 + Level 3.3 Fighting
 - Level 14.3 Maces & Flails
 + Level 3.0 Armour
 + Level 3.3 Shields


You had 9 spell levels left.
You didn't know any spells.
Your spell library contained the following spells:

 Spells                   Type           Power      Damage    Failure   Level
 Necrotise                Necr           0%         1d4       41%         1
 Shock                    Conj/Air       0%         1d3       41%         1
 Dazzling Flash           Conj/Hex       0%         N/A       78%         3
 Vampiric Draining        Necr           0%         2d6       78%         3
 Anguish                  Hex/Necr       0%         N/A       99%         4
 Animate Dead             Necr           0%         N/A       99%         4
 Iskenderun's Mystic Bla  Conj/Tloc      0%         2d3       99%         4
 Summon Forest            Summ/Tloc      0%         N/A       100%        5
 Eringya's Noxious Bog    Tmut/Pois      0%         N/A       100%        6
 Starburst                Conj/Fire      0%         6d3       100%        6
 Summon Hydra             Summ           0%         N/A       100%        7


Dungeon Overview and Level Annotations

Branches:
Dungeon (9/15)             Temple (0/1) D:7            Lair (0/5) D:9
    Orc: D:9-12

Altars:
Kikubaaqudgha
Nemelex Xobeh
Okawaru
Qazlal
Sif Muna
Vehumet
The Shining One

Annotations:
D:5 1 runed translucent door, dave1331's ghost, amateur MiFi


Innate Abilities, Weirdness & Mutations

You have razor-sharp teeth.
Your natural rate of healing is unusually fast.
When hurt, damage is shared between your health and your magic reserves.
Your bite disrupts and absorbs the magic of your enemies.
Potions cannot restore your health.


Message History

An orc comes into view. It is wielding a +0 hand axe.
The orc shouts!
You sock the bullfrog!
Your weapon exudes an aura of protection.
The bullfrog is severely wounded.
You hear a shout!
The bullfrog misses you.
An orc comes into view. It is wielding a +0 club.
The bullfrog barely misses you.
You sock the bullfrog!
You kill the bullfrog!
Kikubaaqudgha accepts your kill. You block the orc's attack.
The orc priest closely misses you.
There is an open door, spattered with blood here.
You see here a bullfrog corpse.
You hit the orc priest. You bite the orc priest. You drain its power.
The orc priest is moderately wounded.
The orc hits you but does no damage. The orc priest closely misses you.
You hit the orc priest. Your bite misses the orc priest.
The orc priest is moderately wounded.
You barely miss the orc priest.
The orc priest is moderately wounded.
The orc hits you but does no damage.
The orc priest miscasts a cantrip.
You hit the orc priest.
The orc priest is severely wounded.
The orc hits you but does no damage. The orc hits you with a +0 mace.
The orc priest hits you but does no damage.
You barely miss the orc priest. Your bite misses the orc priest.
The orc priest is severely wounded.
The orc hits you but does no damage. The orc misses you.
The orc priest closely misses you.
You hit the orc priest.
The orc priest is almost dead.
The orc hits you with a +0 club. The orc hits you but does no damage.
The orc priest hits you with a +1 whip of electrocution.
You sock the orc priest!
You kill the orc priest!
Kikubaaqudgha accepts your kill.
You sock the orc!
You kill the orc!
Kikubaaqudgha accepts your kill. The orc hits you with a +0 club.
You sock the orc!
You kill the orc!
Kikubaaqudgha accepts your kill. The orc hits you but does no damage.
You hit the orc. Your bite misses the orc.
The orc is almost dead.
The orc hits you but does no damage. The orc closely misses you.
You hit the orc.
You kill the orc!
Kikubaaqudgha accepts your kill.
You can now bring forth the wretched and dying.
Kikubaaqudgha grants you a gift!
You add the spells Necrotise, Vampiric Draining, Anguish and Animate Dead to your library.
The orc completely misses you.
You sock the orc!
You kill the orc!
Kikubaaqudgha accepts your kill.
No target in view!
No target in view!
No target in view!
No target in view!
No target in view!
No target in view!
No target in view!
No target in view!
No target in view!
No target in view!
No target in view!
No target in view!
No target in view!
Items here: ))) [ ††.
You see here a +1 whip of electrocution.
L - a +1 whip of electrocution Your +2 mace of protection goes still.
You hear the crackle of electricity.
L - a +1 whip of electrocution (weapon)
k - 3 murky puce potions (gained 1)
There is an open door here.
e - 11 scrolls labelled FEOCLIE LOUSOU (gained 1)
M - a throwing net
Things that are here:
a +0 hand axe; a +0 leather armour You now have 340 gold pieces (gained 6).
Key pressed, stopping explore.
You now have 350 gold pieces (gained 10).
Found a falchion.
You see here a +0 falchion.
Found a pair of gloves.
You see here a +0 pair of gloves.
There is an open door here.
An orc comes into view. It is wielding a +0 dagger.
An orc warrior comes into view. It is wielding a +0 glaive.
There are monsters nearby!
The orc warrior shouts!
The orc shouts!
An orc comes into view. It is wielding a +0 hand axe.
The orc shouts!
You hit the orc. Lightning courses through the orc!
You kill the orc!
Kikubaaqudgha accepts your kill.
The orc warrior unwields a +0 glaive.
The orc warrior wields a +0 arbalest.
The orc warrior shoots a bolt.
The bolt closely misses you.
You hear a shout!
The orc warrior shoots a bolt.
The bolt hits you.
You hear a shout!
The orc warrior shoots a bolt.
The bolt hits you!
The orc warrior shoots a bolt.
The bolt hits you!
There is an open door here.
You close the door.
You start resting.
Magic restored.
You open the door. The orc barely misses you.
There is an open door here.
You hit the orc. Lightning courses through the orc!
You kill the orc!
Kikubaaqudgha accepts your kill.
The orc warrior shoots a bolt.
You block the bolt.
The orc warrior unwields a +0 arbalest.
The orc warrior wields a +0 glaive.
The orc warrior hits you with a +0 glaive!
Things that are here:
a +0 hand axe; a +0 chain mail; an orc corpse You are too injured to fight recklessly!
You are too injured to fight recklessly!
You are too injured to fight recklessly!
You are too injured to fight recklessly!
You are too injured to fight recklessly!
You are too injured to fight recklessly!
You are too injured to fight recklessly!
You hit the orc warrior but do no damage.
An orc comes into view. It is wielding a +0 whip.
You hit the orc warrior. Your bite misses the orc warrior.
The orc warrior is lightly wounded.
The orc warrior barely misses you.
You barely miss the orc warrior.
The orc warrior is lightly wounded.
You hit the orc warrior.
The orc warrior is moderately wounded.
The orc warrior hits you with a +0 glaive!
You hit the orc warrior. You bite the orc warrior. You drain its power.
You feel invigorated.
The orc warrior is heavily wounded.
You hit the orc warrior but do no damage.
The orc warrior is heavily wounded.
The orc warrior barely misses you.
You hit the orc warrior but do no damage.
Lightning courses through the orc warrior!
You kill the orc warrior!
Kikubaaqudgha accepts your kill.
You barely miss the orc. You closely miss the orc.
The orc hits you with a +0 whip.
You are too injured to fight recklessly!
You are too injured to fight recklessly!
You are too injured to fight recklessly!
You hit the orc but do no damage. You bite the orc!
You kill the orc!
Kikubaaqudgha accepts your kill.
Items here: ))) [[ †.
An orc is nearby!
An orc is nearby!
An orc is nearby!
An orc is nearby!
You are too injured to fight recklessly!
You are too injured to fight recklessly!
You are too injured to fight recklessly!
The orc shouts!
The orc hits you with a +0 dagger.
You whack the orc!
You kill the orc!
Kikubaaqudgha accepts your kill.
You see here a +0 dagger.
HP restored.
There is a stone staircase leading up here.
Done exploring.
Done exploring.
Done exploring.
Done exploring.
No target in view!
(D) Dungeon (T) Temple
Where to? (Enter - D:7, ? - help)
Things that are here:
a +0 dagger; an orc corpse You see here a +0 dagger.
Items here: ))) [[ †.
Things that are here:
a +0 hand axe; a +0 chain mail; an orc corpse
There is an open door here.
There is a stone staircase leading down here.
You climb downwards.
Found a robe and a scroll labelled KYXKIJU REAGG.
Found a stone staircase leading down.
There is a stone staircase leading up here.
Unknown command.
y - 3 scrolls labelled KYXKIJU REAGG (gained 1)
You now have 357 gold pieces (gained 7).
You now have 375 gold pieces (gained 18). 2 wights come into view.
A wight is wielding a +0 battleaxe and wearing a +0 robe of cold resistance.
Found a scroll labelled MEMIEWA KAOCS.
There are monsters nearby!
There are monsters nearby!
There are monsters nearby!
You hit the wight but do no damage. You closely miss the wight.
Your bite misses the wight. The wight barely misses you.
You hit the wight.
The wight is lightly damaged.
You hit the wight. Lightning courses through the wight!
You bite the wight, but do no damage.
The wight is severely damaged.
The wight hits you with a +0 long sword!
You partially resist.
You feel drained.
You hit the wight. Lightning courses through the wight!
You destroy the wight!
Kikubaaqudgha accepts your kill.
Your life force feels restored.
You block the wight's attack.
Things that are here:
a +0 long sword; a +0 robe You closely miss the wight.
You block the wight's attack.
You whack the wight! You bite the wight, but do no damage.
The wight is heavily damaged.
You hit the wight.
The wight is severely damaged.
The wight closely misses you.
You closely miss the wight. Your bite misses the wight.
The wight is severely damaged.
You closely miss the wight. Your bite misses the wight.
The wight is severely damaged.
The wight barely misses you.
You whack the wight!
You destroy the wight!
Kikubaaqudgha accepts your kill.
No target in view!
No target in view!
No target in view!
No target in view!
No target in view!
No target in view!
HP restored.
Things that are here:
a +0 battleaxe; a +0 robe of cold resistance A wight comes into view.
It is wielding a +0 halberd.
A wight is nearby!
A wight is nearby!
A wight comes into view. It is wielding a +3 trident.
Found a scale mail.
The wight moves out of view.
A wight comes into view. It is wielding a +3 dagger.
You hit the wight but do no damage. The wight hits you but does no damage.
You hit the wight.
The wight is lightly damaged.
You barely miss the wight. You bite the wight. You drain its power.
The wight is heavily damaged.
The wight closely misses you.
You barely miss the wight. You bite the wight, but do no damage.
The wight is moderately damaged.
The wight barely misses you.
The wight hits you from afar with a +3 trident.
You partially resist.
You feel drained.
You barely miss the wight. You bite the wight, but do no damage.
The wight is moderately damaged.
The wight hits you with a +0 halberd! You partially resist.
You feel drained. The wight barely misses you.
Things that are here:
a +0 battleaxe; a +0 robe of cold resistance
Things that are here:
a +0 long sword; a +0 robe The wight hits you with a +0 halberd.
You partially resist.
You feel drained.
You whack the wight! You bite the wight.
You destroy the wight!
Kikubaaqudgha accepts your kill. You block the wight's attack.
The wight hits you with a +3 trident. You partially resist.
You feel drained.
Things that are here:
a +0 halberd; a +0 robe You hit the wight.
Lightning courses through the wight! Your bite misses the wight.
The wight is almost destroyed.
You hit the wight. Lightning courses through the wight!!
You destroy the wight!
Kikubaaqudgha accepts your kill.
You whack the wight!
The wight is heavily damaged.
You hit the wight but do no damage. You bite the wight. You drain its power.
The wight is almost destroyed.
The wight barely misses you.
You hit the wight but do no damage. Your bite misses the wight.
The wight is almost destroyed.
You closely miss the wight.
The wight is almost destroyed.
You block the wight's attack.
You barely miss the wight.
The wight is almost destroyed.
You hit the wight.
You destroy the wight!
Kikubaaqudgha accepts your kill.
No target in view!
Items here: )) [[.
Things that are here:
a +0 long sword; a +0 robe
Things that are here:
a +0 battleaxe; a +0 robe of cold resistance
f - 5 scrolls labelled MEMIEWA KAOCS (gained 1)
Found a stone staircase leading down.
Found a stone staircase leading up.
There is a stone staircase leading up here.
N - a scroll labelled OCHYTO AKKI No target in view!
Found a stone staircase leading down.
There is a stone staircase leading down here.
Found an escape hatch in the ceiling.
A brown ugly thing comes into view.
There is an escape hatch in the ceiling here.
A mysterious force pulls you upwards. The hatch slams shut behind you.
Things that are here:
a +0 leather armour; a +0 hand axe
There is a stone staircase leading down here.
You climb downwards.
There is a stone staircase leading up here.
You now have 393 gold pieces (gained 18).
You see here a +0 robe.
You now have 403 gold pieces (gained 10).
Found 4 stones.
Found a dagger.
g - 4 glowing grey potions (gained 1)
There is an escape hatch in the ceiling here.
A mysterious force pulls you upwards. The hatch slams shut behind you.
There is a stone staircase leading down here.
You climb downwards.
There is a stone staircase leading up here.
There is a stone staircase leading down here.
You climb downwards.
Found 9 gold pieces.
There is a stone staircase leading up here.
You now have 412 gold pieces (gained 9).
A bullfrog comes into view.
A bullfrog is nearby!
A bullfrog is nearby!
The bullfrog barely misses you. You block the bullfrog's attack.
You hit the bullfrog. Your bite misses the bullfrog.
The bullfrog is lightly wounded.
You whack the bullfrog! You bite the bullfrog. You drain its power.
The bullfrog is almost dead.
The bullfrog hits you but does no damage.
You hit the bullfrog.
You kill the bullfrog!
Kikubaaqudgha accepts your kill.
Your life force feels restored.
No target in view!
No target in view!
No target in view!
No target in view!
No target in view!
HP restored.
Found a trident.
Found a stone staircase leading up.
Found a long sword.
Found a stone staircase leading down.
Found 6 stones.
There is a stone staircase leading down here.
You now have 428 gold pieces (gained 16).
O - an orange potion A wight comes into view.
It is wielding a +0 antimagic scimitar.
A wight is nearby!
A wight comes into view. It is wielding a +4 war axe.
Found 7 gold pieces.
You hit the wight but do no damage. You bite the wight, but do no damage.
You block the wight's attack.
You hit the wight. You bite the wight, but do no damage.
The wight is moderately damaged.
You hit the wight. You bite the wight, but do no damage.
The wight is heavily damaged.
The wight misses you.
You barely miss the wight. You bite the wight. You drain its power.
The wight is severely damaged.
You closely miss the wight. You bite the wight.
You destroy the wight!
Kikubaaqudgha accepts your kill. 3 wights come into view.
Found a ruby potion.
The wight hits you with a +4 war axe!
Things that are here:
a +0 antimagic scimitar; a +0 robe You hit the wight.
The wight is lightly damaged.
You block the wight's attack.
You barely miss the wight. You bite the wight. You drain its power.
You feel invigorated.
The wight is moderately damaged.
You hit the wight but do no damage. Lightning courses through the wight!
The wight is almost destroyed.
You block the wight's attack. The wight misses you.
You hit the wight but do no damage. You bite the wight.
You destroy the wight!
Kikubaaqudgha accepts your kill.
You closely miss the wight. You bite the wight, but do no damage.
The wight barely misses you. The wight closely misses you.
You hit the wight. You bite the wight. You drain its power.
The wight is moderately damaged.
You completely miss the wight.
The wight is moderately damaged.
The wight hits you with a +4 long sword.
You partially resist.
You feel drained.
The wight hits you from afar with a +5 halberd.
You hit the wight. Your bite misses the wight.
The wight is heavily damaged.
You hit the wight.
The wight is severely damaged.
The wight hits you with a +4 long sword.
You partially resist.
You feel drained. The wight closely misses you.
The wight hits you from afar with a +5 halberd!
The wight attacks as you move away! You block the wight's attack.
You hit the wight but do no damage. Your bite misses the wight.
The wight is severely damaged.
The wight hits you with a +4 long sword!
* * * LOW HITPOINT WARNING * * *
The wight attacks as you move away! The wight barely misses you.
The wight attacks as you move away! The wight barely misses you.
The wight hits you with a +0 great sword!!
* * * LOW MAGIC WARNING * * *;
* * * LOW HITPOINT WARNING * * *
You partially resist.
You feel drained.
* * * LOW HITPOINT WARNING * * *
The wight attacks as you move away!
The wight hits you with a +0 great sword.
* * * LOW MAGIC WARNING * * *;
* * * LOW HITPOINT WARNING * * *
You partially resist.
You feel drained.
Aiming: Charm
Press: ? - help, Shift-Dir - straight line, f - wight
Aim: a wight, wielding a +4 long sword and wearing a +0 robe (severely damaged, chance to affect: 49%)
The wight is charmed.
The wight misses your wight. Something hits your wight!
Your wight is destroyed!
You see here a +0 long sword.
The wight hits you from afar with a +5 halberd!
* * * LOW HITPOINT WARNING * * *
There is a stone staircase leading up here.
You block the wight's attack.
You climb upwards.
There is a stone staircase leading down here.
You start resting.
Magic restored.
HP restored.
There is a stone staircase leading down here.
You climb downwards.
Found a ring mail.
There is a stone staircase leading up here.
A wyvern comes into view.
The wyvern hisses angrily.
The wyvern moves out of view.
A wyvern is nearby!
A wyvern is nearby!
You hit the wyvern. Lightning courses through the wyvern!
The wyvern is severely wounded.
The wyvern bites you!
You hit the wyvern. Your bite misses the wyvern.
The wyvern is severely wounded.
The wyvern bites you.
You closely miss the wyvern. You bite the wyvern. You drain its power.
You feel invigorated.
The wyvern is severely wounded.
The wyvern bites you!
You are too injured to fight recklessly!
You are too injured to fight recklessly!
You are too injured to fight recklessly!
You are too injured to fight recklessly!
You hit the wyvern. Your bite misses the wyvern.
The wyvern is almost dead.
The wyvern closely misses you.
You barely miss the wyvern. You bite the wyvern. You drain its power.
You feel invigorated.
The wyvern is almost dead.
The wyvern bites you!
* * * LOW HITPOINT WARNING * * *
You hit the wyvern. You bite the wyvern, but do no damage.
The wyvern is almost dead.
You hit the wyvern but do no damage. You bite the wyvern, but do no damage.
The wyvern is almost dead.
The wyvern bites you.
* * * LOW HITPOINT WARNING * * *
You hit the wyvern. Lightning courses through the wyvern!
You kill the wyvern!
Kikubaaqudgha accepts your kill.
There is a stone staircase leading up here.
You start resting.
A wight is nearby!
You climb upwards.
There is a stone staircase leading down here.
You start resting.
Magic restored.
You start resting.
HP restored.
You climb downwards.
There is a stone staircase leading up here.
The wight hits you with a +5 halberd!
You hit the wight. You bite the wight. You drain its power.
You feel invigorated.
The wight is heavily damaged.
The wight misses you.
You whack the wight! Lightning courses through the wight!
You destroy the wight!
Kikubaaqudgha accepts your kill.
Your life force feels restored.
No target in view!
No target in view!
No target in view!
No target in view!
No target in view!
HP restored.
Things that are here:
a +5 halberd; a +0 robe A basilisk comes into view.
A basilisk is nearby!
A basilisk is nearby!
The helpless basilisk fails to defend itself.
You hit the basilisk but do no damage. The basilisk bites you!
You whack the basilisk! You bite the basilisk.
The basilisk's magic leaks into the air.
You drain its magic.
You feel invigorated.
The basilisk is moderately wounded.
You closely miss the basilisk.
The basilisk is moderately wounded.
The basilisk falters for a moment.
You hit the basilisk but do no damage.
The basilisk is moderately wounded.
You hit the basilisk. Your bite misses the basilisk.
The basilisk is heavily wounded.
The basilisk falters for a moment.
You hit the basilisk but do no damage. You bite the basilisk!
The basilisk's magic leaks into the air.
You drain its magic.
The basilisk is severely wounded.
You block the basilisk's attack.
You hit the basilisk but do no damage. You bite the basilisk!
You kill the basilisk!
Kikubaaqudgha accepts your kill.
No target in view!
You see here a basilisk corpse.
Found a staircase to the Lair.
A swamp drake comes into view.
A swamp drake is nearby!
The swamp drake roars!
The swamp drake breathes poison at you.
No reachable target in view!
A komodo dragon comes into view.
The swamp drake breathes poison at you.
The noxious blast engulfs you but does no damage.
You are poisoned.
You are engulfed in noxious fumes.
You choke on the stench!
You are confused.
You feel sick.
You are engulfed in noxious fumes.
You choke on the stench!
You are more confused.
You feel sick.
A komodo dragon comes into view.
You're too confused to move!
You feel sick.
You are no longer poisoned.
The komodo dragon hisses angrily.
You hear an angry hiss.
The swamp drake bites you.
You feel less confused.
The swamp drake attacks as you move away!
The swamp drake closely misses you.
You hit the swamp drake.
The swamp drake is lightly wounded.
The swamp drake bites you but does no damage.
You hit the swamp drake.
The swamp drake is moderately wounded.
You closely miss the swamp drake. Your bite misses the swamp drake.
The swamp drake is moderately wounded.
The swamp drake bites you but does no damage.
You hit the swamp drake.
The swamp drake is moderately wounded.
You hit the swamp drake. You bite the swamp drake! You drain its power.
The swamp drake is severely wounded.
The swamp drake breathes poison at you.
The noxious blast engulfs you but does no damage.
You are poisoned.
You hit the swamp drake.
The swamp drake is severely wounded.
You are engulfed in noxious fumes.
You choke on the stench!
You are confused.
You feel sick.
You're too confused to move!
You are engulfed in noxious fumes.
You choke on the stench!
You are more confused.
You feel sick. The swamp drake bites you!
You bump into the rock wall.
You are engulfed in noxious fumes.
You feel sick.
You are no longer poisoned.
The swamp drake bites you but does no damage.
The komodo dragon is engulfed in noxious fumes.
The komodo dragon appears confused.
The komodo dragon bites the swamp drake!!
The swamp drake dies!
The komodo dragon bites itself!
You bump into the rock wall.
You feel less confused.
You see here a swamp drake corpse.
You hit the komodo dragon but do no damage.
Lightning courses through the komodo dragon!
The komodo dragon is severely wounded.
The komodo dragon misses you.
You hit the komodo dragon.
You bite the komodo dragon, but do no damage.
The komodo dragon is severely wounded.
You barely miss the komodo dragon. Your bite misses the komodo dragon.
The komodo dragon is severely wounded.
The komodo dragon seems less confused.
The komodo dragon hisses menacingly.
The komodo dragon bites you.
You barely miss the komodo dragon. You bite the komodo dragon.
You drain its power.
You feel invigorated.
The komodo dragon is almost dead.
You hit the komodo dragon. You bite the komodo dragon.
You kill the komodo dragon!
Kikubaaqudgha accepts your kill.
Your Maces & Flails skill increases to level 14!
No target in view!
A komodo dragon is nearby!
A komodo dragon is nearby!
The komodo dragon hisses angrily.
You hit the komodo dragon.
Lightning courses through the komodo dragon!
Your bite misses the komodo dragon.
The komodo dragon is moderately wounded.
The komodo dragon bites you!!
You are too injured to fight recklessly!
You are too injured to fight recklessly!
You are too injured to fight recklessly!
You are too injured to fight recklessly!
You are too injured to fight recklessly!
You hit the komodo dragon. You bite the komodo dragon. You drain its power.
You feel invigorated.
The komodo dragon is heavily wounded.
You whack the komodo dragon! You bite the komodo dragon! You drain its power.
You feel invigorated.
The komodo dragon is severely wounded.
The komodo dragon closely misses you.
You hit the komodo dragon.
You bite the komodo dragon, but do no damage.
The komodo dragon is severely wounded.
You hit the komodo dragon.
Lightning courses through the komodo dragon!
You kill the komodo dragon!
Kikubaaqudgha accepts your kill.
You start resting.
HP restored.
You see here a +1 cloak of poison resistance.
P - a +1 cloak of poison resistance You start removing your armour.
You continue taking off your scarf of resistance. x4
You finish taking off your scarf of resistance.
You feel hot and cold all over.
You start putting on your armour.
You continue putting on your +1 cloak of poison resistance. x5
You finish putting on your +1 cloak of poison resistance.
You feel resistant to poison.
Okay, then.
Found a ring mail.
You now have 444 gold pieces (gained 16).
A basilisk comes into view.
The basilisk hisses angrily.
You see here a +0 ring mail.
A basilisk is nearby!
A basilisk is nearby!
You whack the basilisk!
You bite the basilisk, but do no damage.
The basilisk is moderately wounded.
The basilisk gazes at you. You resist with almost no effort.
You miss the basilisk.
The basilisk is moderately wounded.
You barely miss the basilisk. Your bite misses the basilisk.
The basilisk is moderately wounded.
The basilisk bites you.
You closely miss the basilisk.
The basilisk is moderately wounded.
You hit the basilisk.
You bite the basilisk, but do no damage.
The basilisk is moderately wounded.
The basilisk bites you!
You barely miss the basilisk. Your bite misses the basilisk.
The basilisk is moderately wounded.
You hit the basilisk but do no damage. You bite the basilisk.
The basilisk's magic leaks into the air.
You drain its magic.
You feel invigorated.
The basilisk is moderately wounded.
The basilisk bites you.
You are too injured to fight recklessly!
You are too injured to fight recklessly!
You are too injured to fight recklessly!
You are too injured to fight recklessly!
A basilisk is nearby!
A basilisk is nearby!
You are too injured to fight recklessly!
You are too injured to fight recklessly!
You are too injured to fight recklessly!
You are too injured to fight recklessly!
You are too injured to fight recklessly!
You are too injured to fight recklessly!
You are too injured to fight recklessly!
You are too injured to fight recklessly!
You are too injured to fight recklessly!
A basilisk is nearby!
You whack the basilisk! Lightning courses through the basilisk!
You kill the basilisk!
Kikubaaqudgha accepts your kill.
You see here a basilisk corpse.
f - 6 scrolls labelled MEMIEWA KAOCS (gained 1)
You see here a basilisk corpse.
You see here a +0 ring mail.
You open the door.
An orc wizard and 2 orcs come into view.
The orc wizard shouts!
The orc shouts! x2
Found 20 gold pieces.
You hit the orc. Lightning courses through the orc!
You kill the orc!
Kikubaaqudgha accepts your kill.
You barely miss the orc. You bite the orc. You drain its power.
The orc is lightly wounded.
You hit the orc. Your bite misses the orc.
The orc is severely wounded.
The orc barely misses you.
You hit the orc but do no damage.
The orc is severely wounded.
You hit the orc but do no damage. Your bite misses the orc.
The orc is severely wounded.
You barely miss the orc. You bite the orc.
You kill the orc!
Kikubaaqudgha accepts your kill. The orc wizard casts a spell at you.
The puff of flame hits you.
There is an open door, spattered with blood here.
Items here: )) [[.
You hit the orc wizard.
Lightning courses through the orc wizard!!
You kill the orc wizard!
Kikubaaqudgha accepts your kill.
No target in view!
No target in view!
No target in view!
No target in view!
No target in view!
No target in view!
No target in view!
No target in view!
No target in view!
Things that are here:
a +0 dagger; a +0 robe You now have 464 gold pieces (gained 20).
There is an open door, spattered with blood here.
Items here: )) [[.
You see here a +0 ring mail.
You see here a basilisk skeleton.
A wight comes into view. It is wielding a +0 halberd.
A wight is nearby!
A wight is nearby!
A wight is nearby!
A wight comes into view. It is wielding a +3 falchion.
You start waiting.
A wight is nearby!
The wight completely misses you. You block the wight's attack.
You hit the wight but do no damage. Your bite misses the wight.
The wight misses you.
You hit the wight.
The wight is lightly damaged.
You hit the wight but do no damage.
The wight is lightly damaged.
The wight hits you but does no damage.
You closely miss the wight. Your bite misses the wight.
The wight is lightly damaged.
You hit the wight but do no damage. Lightning courses through the wight!
Your bite misses the wight.
The wight is heavily damaged.
The wight hits you with a +0 halberd!
You hit the wight.
The wight is severely damaged.
You block the wight's attack.
You closely miss the wight. Your bite misses the wight.
The wight is severely damaged.
You hit the wight.
You destroy the wight!
Kikubaaqudgha accepts your kill.
You hit the wight.
The wight is lightly damaged.
You closely miss the wight.
The wight is lightly damaged.
You block the wight's attack.
You hit the wight but do no damage. Your bite misses the wight.
The wight is lightly damaged.
You hit the wight. You bite the wight. You drain its power.
The wight is heavily damaged.
The wight hits you with a +3 falchion! You partially resist.
You feel drained.
You closely miss the wight.
The wight is heavily damaged.
You closely miss the wight. Your bite misses the wight.
The wight is heavily damaged.
The wight barely misses you.
You closely miss the wight.
The wight is heavily damaged.
You whack the wight! You bite the wight.
You destroy the wight!
Kikubaaqudgha accepts your kill.
No target in view!
No target in view!
No target in view!
No target in view!
No target in view!
No target in view!
HP restored.
Items here: )) [[.
You open the door.
Found a stormy altar of Qazlal and an iron altar of Okawaru.
There is an open door here.
There is an iron altar of Okawaru here.
There is an open door here.
A wight comes into view. It is wielding a +2 trident.
A wight is nearby!
A steam dragon comes into view.
Found a stone staircase leading down.
The wight hits you with a +2 trident!
You hit the wight. Lightning courses through the wight!
You destroy the wight!
Kikubaaqudgha accepts your kill.
Your life force feels restored.
No target in view!
No target in view!
Search for what [Enter for "mace", or ? for help]? mace Magic restored.
Things that are here:
a +2 trident; a +0 robe
Found an escape hatch in the ceiling.
A steam dragon is nearby!
A steam dragon is nearby!
A shadow comes into view.
The helpless steam dragon fails to defend itself.
You hit the steam dragon.
The steam dragon is lightly wounded.
The steam dragon breathes steam at you. The ball of steam hits you. You resist.
You hear an angry hiss.
You whack the steam dragon!
The steam dragon is heavily wounded.
You closely miss the steam dragon. You bite the steam dragon.
You drain its power.
You feel invigorated.
The steam dragon is severely wounded.
The steam dragon bites you but does no damage.
The steam dragon claws you but does no damage.
A wyvern comes into view.
You barely miss the steam dragon.
The steam dragon is severely wounded.
You closely miss the steam dragon.
The steam dragon is severely wounded.
The steam dragon bites you but does no damage.
The steam dragon closely misses you.
You hit the steam dragon.
The steam dragon is severely wounded.
The steam dragon barely misses you.
The steam dragon claws you but does no damage.
You hit the steam dragon but do no damage.
You bite the steam dragon. You drain its power.
The steam dragon is almost dead.
You closely miss the steam dragon. Your bite misses the steam dragon.
The steam dragon is almost dead.
The shadow slips into darkness.
The shadow flickers and vanishes!
Deactivating autopickup; reactivate with Ctrl-A.
The steam dragon bites you!
The steam dragon claws you but does no damage.
You hit the steam dragon.
Lightning courses through the steam dragon!!
You kill the steam dragon!
Kikubaaqudgha accepts your kill.
Your Fighting skill increases to level 3!
Your Shields skill increases to level 3!
The wyvern attacks as you move away! The wyvern closely misses you.
The wyvern hisses menacingly.
The wyvern bites you! The wyvern closely misses you.
The shadow strikes at you from the darkness!
Reactivating autopickup.
The wyvern attacks as you move away! The wyvern completely misses you.
The wyvern misses you.
You are too injured to fight recklessly!
You are too injured to fight recklessly!
You are too injured to fight recklessly!
You are too injured to fight recklessly!
You are too injured to fight recklessly!
You are too injured to fight recklessly!
You are too injured to fight recklessly!
You are too injured to fight recklessly!
You are too injured to fight recklessly!
You are too injured to fight recklessly!
You hit the wyvern but do no damage. You bite the wyvern! You drain its power.
You feel invigorated.
The wyvern is moderately wounded.
You block the wyvern's attack.
You hit the wyvern. Your bite misses the wyvern.
The wyvern is heavily wounded.
The wyvern bites you but does no damage.
You hit the wyvern. You bite the wyvern. You drain its power.
The wyvern is severely wounded.
You hit the wyvern. You bite the wyvern.
You kill the wyvern!
Kikubaaqudgha accepts your kill. The shadow barely misses you.
You hit the shadow. You bite the shadow, but do no damage.
The shadow is lightly damaged.
The shadow hits you.
You hit the shadow but do no damage. Lightning courses through the shadow!
You bite the shadow. You drain its power.
The shadow is severely damaged.
You hit the shadow but do no damage. You bite the shadow. You drain its power.
The shadow is almost destroyed.
The shadow misses you.
You hit the shadow.
You destroy the shadow!
Kikubaaqudgha accepts your kill.
Your Armour skill increases to level 3!
Things that are here:
a +0 robe; a +4 war axe You now have 471 gold pieces (gained 7).
An acid dragon comes into view.
An acid dragon is nearby!
An acid dragon is nearby!
Found a stone staircase leading up.
The acid dragon roars!
An orc comes into view. It is wielding a +0 club.
Found an escape hatch in the floor.
You block the acid dragon's attack. x2
You hit the acid dragon but do no damage.
You bite the acid dragon, but do no damage.
You barely miss the acid dragon. You bite the acid dragon. You drain its power.
The acid dragon is lightly wounded.
The acid dragon spits acid at you. The splash of acid hits you!
You hear a shout! x2
You closely miss the acid dragon. Your bite misses the acid dragon.
The acid dragon is lightly wounded.
You hit the acid dragon but do no damage.
Your bite misses the acid dragon.
The acid dragon is lightly wounded.
You block the acid dragon's attack. The acid dragon barely misses you.
An orc wizard comes into view. It is wielding a +0 dagger.
You barely miss the acid dragon.
The acid dragon is lightly wounded.
You hit the acid dragon.
You bite the acid dragon, but do no damage.
The acid dragon is moderately wounded.
You block the orc's attack.
The acid dragon bites you but does no damage.
The acid dragon barely misses you.
You closely miss the acid dragon.
The acid dragon is moderately wounded.
You hit the acid dragon.
The acid dragon is moderately wounded.
The orc hits you but does no damage. You block the acid dragon's attack.
The acid dragon completely misses you.
You closely miss the acid dragon. You bite the acid dragon!
You drain its power.
You feel invigorated.
The acid dragon is severely wounded.
You closely miss the acid dragon.
The acid dragon is severely wounded.
The orc completely misses you. The acid dragon bites you.
The acid dragon claws you but does no damage.
You barely miss the acid dragon.
You bite the acid dragon, but do no damage.
The acid dragon is severely wounded.
You hit the acid dragon but do no damage.
Your bite misses the acid dragon.
The acid dragon is severely wounded.
The orc barely misses you. The acid dragon spits acid at you.
The splash of acid hits you! The acid corrodes you!
You hear a shout!
You closely miss the acid dragon. Your bite misses the acid dragon.
The acid dragon is severely wounded.
The orc hits you with a +0 club. The acid dragon spits acid at you.
The splash of acid hits you!!
* * * LOW HITPOINT WARNING * * *
You are too injured to fight recklessly!
You hit the acid dragon.
You bite the acid dragon, but do no damage.
The acid dragon is severely wounded.
You hit the acid dragon but do no damage.
Your bite misses the acid dragon.
The acid dragon is severely wounded.
The orc hits you with a +0 club.
* * * LOW HITPOINT WARNING * * *
The acid dragon bites you!
* * * LOW MAGIC WARNING * * *;
* * * LOW HITPOINT WARNING * * *
The acid dragon claws you but does no damage.
An orc comes into view. It is wielding a +0 club.
You hit the acid dragon.
The acid dragon is almost dead.
You hit the acid dragon but do no damage.
The acid dragon is almost dead.
The orc hits you but does no damage. The acid dragon spits acid at you.
The splash of acid hits you!
* * * LOW MAGIC WARNING * * *
You die...
Kikubaaqudgha rasps: "You have failed me!
Welcome... death!"

###.. #. . .... ... .
.... .... . #.
#..#.#....#
..#.##..#......#
>.......#.#....#.
#....D........
####.o@#......#.# ....
.#...........#.#.###.#..
.....o..................
<#.......!.....#..#.....
#.####.#...............
........................
o .####.......#........#
......##.#..............
...###..........##......


You could see an acid dragon (catching breath), an orc wizard and 2 orcs.

Vanquished Creatures
  Pikel (D:6)
  Maggie (D:6)
  2 komodo dragons (D:9)
  Grinder (D:3)
  Prince Ribbit (D:6)
  2 wyverns (D:9)
  A shadow (D:9)
  2 basilisks (D:9)
  3 steam dragons
  Edmund (D:6)
  A water moccasin (D:6)
  Duvessa (D:5)
  An orc warrior (D:7)
  A sky beast (D:7)
  An ice beast (D:4)
  3 ogres
  A centaur (D:6)
  A lemure (D:6)
  2 phantoms
  2 kobold brigands (D:6)
  Blork the orc (D:4)
  A gnoll sergeant (D:7)
  2 necrophages
  2 bullfrogs
  2 scorpions
  11 wights
  Dowan (D:5)
  5 howler monkeys
  2 jellies
  6 hounds
  5 orc priests
  A gnoll bouda (D:6)
  An iguana (D:4)
  10 orc wizards
  10 gnolls
  An adder (D:5)
  A shadow imp (D:7)
  2 white imps (D:6)
  31 orcs
  7 ball pythons
  8 endoplasms
  4 goblins
  5 hobgoblins
  9 jackals
  16 kobolds
  4 bats
  5 frilled lizards
  5 rats
187 creatures vanquished.

Vanquished Creatures (others)
  A swamp drake (D:9)
  A wight (D:9)
  An orc (D:6)
  2 withered plants (D:5)
5 creatures vanquished.

Grand Total: 192 creatures vanquished

Notes
Turn   | Place    | Note
-------+----------+-------------------------------------------
     0 | D:1      | sleeves the Vine Stalker Fighter began the quest for the
                  | Orb.
     0 | D:1      | Reached XP level 1. HP: 11/11 MP: 2/2
    20 | D:1      | Reached skill level 2 in Maces & Flails
   165 | D:1      | Reached XP level 2. HP: 16/16 MP: 3/3
   445 | D:2      | Reached skill level 3 in Maces & Flails
   446 | D:2      | HP: 8/16 [jackal (2)]
   515 | D:2      | Reached XP level 3. HP: 12/19 MP: 2/4
  1232 | D:3      | Noticed Grinder
  1240 | D:3      | HP: 7/19 [Grinder (6)]
  1243 | D:3      | Paralysed by Grinder for 2 turns
  1249 | D:3      | Killed Grinder
  1250 | D:3      | Reached skill level 5 in Maces & Flails
  1250 | D:3      | Gained mutation: Your natural rate of healing is unusually
                  | fast. [Vine Stalker growth]
  1250 | D:3      | Reached XP level 4. HP: 9/23 MP: 2/5
  1250 | D:3      | Reached XP level 5. HP: 11/27 MP: 2/6
  1250 | D:3      | Reached XP level 6. HP: 13/32 MP: 2/7
  1513 | D:3      | Found a glowing golden altar of the Shining One.
  1803 | D:4      | Noticed an ice beast
  1837 | D:4      | Noticed Blork the orc
  1963 | D:4      | HP: 11/32 [Blork the orc/+0 scimitar (8)]
  1965 | D:4      | Killed Blork the orc
  1966 | D:4      | Reached skill level 6 in Maces & Flails
  2117 | D:4      | Reached XP level 7. HP: 35/35 MP: 8/8
  2146 | D:4      | Reached skill level 7 in Maces & Flails
  2463 | D:5      | Entered Level 5 of the Dungeon
  2507 | D:5      | Reached skill level 8 in Maces & Flails
  2567 | D:5      | Found a runed translucent door.
  2567 | D:5      | Noticed dave1331's ghost (amateur MiFi)
  2602 | D:5      | Gained mutation: You have razor-sharp teeth. [Vine Stalker
                  | growth]
  2602 | D:5      | Reached XP level 8. HP: 39/39 MP: 9/9
  2643 | D:5      | Found a sparkling altar of Nemelex Xobeh.
  2688 | D:5      | Noticed Duvessa
  2689 | D:5      | Noticed Dowan
  2835 | D:5      | Killed Duvessa
  2871 | D:5      | Killed Dowan
  2872 | D:5      | Reached skill level 9 in Maces & Flails
  3326 | D:6      | Noticed Edmund
  3339 | D:6      | Killed Edmund
  3448 | D:6      | Reached skill level 10 in Maces & Flails
  3507 | D:6      | Noticed Pikel
  3509 | D:6      | Reached XP level 9. HP: 43/43 MP: 10/10
  3527 | D:6      | Killed Pikel
  3528 | D:6      | Reached skill level 11 in Maces & Flails
  3550 | D:6      | Noticed Prince Ribbit
  3600 | D:6      | HP: 21/43 [Prince Ribbit (9)]
  3606 | D:6      | Killed Prince Ribbit
  3691 | D:6      | Reached skill level 12 in Maces & Flails
  3779 | D:6      | Noticed Maggie
  3818 | D:6      | Killed Maggie
  3951 | D:6      | Reached XP level 10. HP: 30/47 MP: 9/11
  4166 | D:6      | Found a radiant altar of Vehumet.
  4178 | D:6      | Got Vehumet's Discourse on the Impact
  4185 | D:6      | Found an ancient bone altar of Kikubaaqudgha.
  4194 | D:6      | Became a worshipper of Kikubaaqudgha
  4199 | D:6      | Found a shimmering blue altar of Sif Muna.
  4341 | D:6      | Reached skill level 13 in Maces & Flails
  4509 | D:7      | Found a staircase to the Ecumenical Temple.
  4739 | D:7      | Identified the +1 chain mail "Haer" {Will+ Str+6 Slay-2}
  5184 | D:7      | Reached * piety under Kikubaaqudgha
  5184 | D:7      | Received a gift from Kikubaaqudgha
  5816 | D:8      | Noticed a brown ugly thing
  6077 | D:9      | HP: 15/45 [wight/+4 long sword (11)]
  6080 | D:9      | HP: 5/45 [wight/+0 great sword (13)]
  6081 | D:9      | HP: 1/44 [wight/+0 great sword (3)]
  6108 | D:9      | HP: 21/43 [wight/+5 halberd (10)]
  6149 | D:9      | HP: 13/43 [wyvern (12)]
  6276 | D:9      | Found a staircase to the Lair.
  6316 | D:9      | Reached skill level 14 in Maces & Flails
  6564 | D:9      | Found a stormy altar of Qazlal.
  6564 | D:9      | Found an iron altar of Okawaru.
  6614 | D:9      | Reached skill level 3 in Fighting
  6614 | D:9      | Reached skill level 3 in Shields
  6632 | D:9      | Reached skill level 3 in Armour
  6685 | D:9      | HP: 10/49 [acid dragon/splash of acid (21)]
  6687 | D:9      | HP: 3/49 [acid dragon (6)]
  6689 | D:9      | Killed from afar by an acid dragon

Illustrated notes

Levels and vault maps discovered:
D:1:      amcnicky_arrival_choice, layout_rooms, kennysheep_small_spiral,
          chequers_hall_statues_y
D:2:      layout_loops_ring
D:3:      layout_rooms, nicolae_tso_carved_into_rock, uniq_grinder
D:4:      layout_rooms, minmay_misc_feat_four_crosses, uniq_blork_the_orc
D:5:      layout_basic, nemelex_dance_club_becter, gammafunk_ghost_grave,
          uniq_duvessa
D:6:      layout_basic, palyth_temple_overflow_mages, uniq_pikel, uniq_edmund,
          uniq_prince_ribbit1, uniq_maggie
D:7:      layout_basic, minmay_temple_entry_junction
D:8:      layout_loops_ring, solitary_fountain, uniq_grum
D:9:      minmay_goldmine, layout_basic, gammafunk_temple_overflow_statue,
          erik_lair_dragon

Skill      XL: |  1  2  3  4  5  6  7  8  9 10 |
---------------+-------------------------------+-----
Maces & Flails | 2 3 5 6 8 10 12 14 | 14.3
Fighting       | 3 |  3.3
Shields        | 3 |  3.3
Armour         | 3 |  3.0

Action                   |  1- 3 |  4- 6 |  7- 9 | 10-12 || total
-------------------------+-------+-------+-------+-------++-------
Melee: Flail             |    90 |    30 |       |       ||   120
       Bite              |    19 |    14 |    92 |    88 ||   213
       Mace              |       |    24 |   293 |   131 ||   448
       Whip              |       |       |       |   155 ||   155
Evoke: Wand              |       |       |       |     1 ||     1
 Stab: Sleeping          |       |       |       |     2 ||     2
Armor: Scale mail        |    45 |    20 |    94 |       ||   159
       Steam dragon scal |       |       |    18 |    60 ||    78
Dodge: Dodged            |    45 |    32 |   123 |    75 ||   275
Block: Buckler           |    18 |    17 |    49 |    31 ||   115

Table legend: (Time is in decaauts)
 A = Elapsed time spent in this place.
 B = Non-inter-level travel time spent in this place.
 C = Inter-level travel time spent in this place.
 D = Time resting spent in this place.
 E = Time spent auto-exploring this place.
 F = Levels seen in this place.
 G = Mean time per level.
                   A        B        C        D        E       F      G
               +--------+--------+--------+--------+--------+-----+--------+
         Total |   6615 |   6202 |    413 |    177 |   4437 |   9 |  735.0 |
       Dungeon |   6615 |   6202 |    413 |    177 |   4437 |   9 |  735.0 |
               +--------+--------+--------+--------+--------+-----+--------+

Top non-repeatable levels by time:
     D:7: 1142 daAuts
     D:6: 1126 daAuts
     D:5: 806 daAuts
     D:3: 789 daAuts
     D:2: 738 daAuts
     D:9: 592 daAuts
     D:4: 575 daAuts
     D:1: 435 daAuts
     D:8: 408 daAuts
